 Dungeon Crawl Stone Soup version 0.31-a0-182-gc5ef74bbde (webtiles) character file.

Game seed: 12581109542302384460

14942 Anon1729 the Fighter (level 11, -5/102 HPs)
             Began as a Minotaur Monk on June 20, 2023.
             Was a Follower of Uskayaw.
             Succumbed to a minotaur's poison
             ... in a Gauntlet.
             The game lasted 00:14:02 (10119 turns).

Anon1729 the Fighter (Minotaur Monk)               Turns: 10119, Time: 00:14:03

Health: -5/102     AC: 10    Str: 23    XL:     11   Next: 95%
Magic:  16/16      EV: 18    Int:  6    God:    Uskayaw [*.....]
Gold:   483        SH:  0    Dex: 22    Spells: 10/10 levels left

rFire   + . .        a - +0 short sword
rCold   + . .        d - orb {light}
rNeg    . . .        M - +0 swamp dragon scales
rPois   +            (helmet unavailable)
rElec   .            x - scarf {rC+ rF+}
rCorr   .            (no gloves)
SInv    +            (no boots)
Will    +....        r - amulet of Velaite {Acrobat Fly Str-4 Dex+7}
Stlth   +            o - +6 ring of strength
HPRegen 0.37/turn    l - ring of see invisible
MPRegen 0.15/turn

%: no teleportation, acrobat
@: mighty, lethally poisoned (-5 -> -56), enlightened, flying, hasted, glowing,
very quick
A: horns 3, retaliatory headbutt, strong 1, wild magic 2
a: Renounce Religion, Stomp


You were in a Gauntlet.
You worshipped Uskayaw.
Uskayaw was aware of your devotion.
You visited 2 branches of the dungeon, and saw 13 of its levels.
You also visited: Sewer and Gauntlet.

You collected 763 gold pieces.
You spent 280 gold pieces at shops.

Inventory:

Hand Weapons
 a - a +0 short sword (weapon)
 z - the +6 hammer "Tyucuh" {elec, rElec rPois rN++ Dex-3}
   (You found it on level 2 of the Dungeon)

   Dex:       It affects your dexterity (-3).
   rElec:     It insulates you from electricity.
   rPois:     It protects you from poison.
   rN:        It greatly protects you from negative energy.
Missiles
 T - 2 curare-tipped darts
 W - 2 throwing nets
Armour
 d - an orb of light (worn)
 x - a scarf of resistance (worn)
 y - a +0 cloak
 M - +0 swamp dragon scales (worn)
 S - a +4 chain mail of fire resistance
 X - the +0 hat "Soodghiq" {Fly rC+ rN+ Stlth+}
   (You found it in a Gauntlet)

   rC:        It protects you from cold.
   rN:        It protects you from negative energy.
   Fly:       It grants you flight.
   Stlth:     It makes you more stealthy.
 Y - a +0 hat of intelligence
Jewellery
 b - an amulet of reflection
 h - a ring of flight
 l - a ring of see invisible (right hand)
 o - a +6 ring of strength (left hand)
 r - the amulet of Velaite (around neck) {Acrobat Fly Str-4 Dex+7}
   (You acquired it on level 10 of the Dungeon)

   [amulet of the acrobat]

   It increases your evasion while moving and waiting.
   Str:       It affects your strength (-4).
   Dex:       It affects your dexterity (+7).
   Fly:       It grants you flight.
 s - a ring of fire
 t - an amulet of regeneration
 L - a ring of positive energy
 V - a +6 ring of dexterity
 Z - a ring of magical power
Wands
 w - a wand of paralysis (1)
 C - a wand of mindburst (1)
 I - a wand of flame (43)
 J - a wand of iceblast (14)
Scrolls
 f - 3 scrolls of blinking
 i - 2 scrolls of revelation
 j - 3 scrolls of poison
 k - 2 scrolls of torment
 p - 3 scrolls of fog
 u - a scroll of immolation
 E - a scroll of vulnerability {unknown}
 F - 2 scrolls of brand weapon
 H - 3 scrolls of fear
 K - 3 scrolls of enchant weapon
 N - 6 scrolls of teleportation
 O - a scroll of silence {unknown}
 U - a scroll of enchant armour
Potions
 c - 3 potions of ambrosia
 e - 2 potions of enlightenment
 g - 2 potions of brilliance {unknown}
 m - a potion of cancellation {unknown}
 n - a potion of berserk rage {unknown}
 q - 2 potions of haste
 A - 2 potions of mutation
 B - 3 potions of might
 D - 3 potions of attraction {unknown}
 G - 3 potions of curing {unknown}
 P - 2 potions of invisibility {unknown}
 Q - 14 potions of degeneration
 R - a potion of resistance {unknown}


   Skills:
 + Level 11.1 Fighting
 + Level 10.2 Short Blades
 + Level 10.4 Armour
 + Level 10.2 Dodging
 + Level 8.8 Invocations


You had 10 spell levels left.
You didn't know any spells.
Your spell library contained the following spells:

 Spells                   Type           Power      Damage    Failure   Level
 Magic Dart               Conj           0%         1d3       73%         1
 Shock                    Conj/Air       0%         1d3       73%         1
 Slow                     Hex            0%         N/A       73%         1
 Sting                    Tmut/Pois      0%         1d3       73%         1
 Call Imp                 Summ           0%         N/A       85%         2
 Poisonous Vapours        Pois/Air       0%         N/A       85%         2
 Confusing Touch          Hex            0%         N/A       97%         3
 Mephitic Cloud           Conj/Pois/Air  0%         N/A       97%         3
 Ozocubu's Armour         Ice            0%         N/A       97%         3
 Swiftness                Air            0%         N/A       97%         3
 Vampiric Draining        Necr           0%         2d6       97%         3
 Airstrike                Air            0%         2d(0-16)  100%        4
 Olgreb's Toxic Radiance  Pois           0%         N/A       100%        4
 Fireball                 Conj/Fire      0%         3d3       100%        5
 Iskenderun's Battlesphe  Conj           0%         2d6       100%        5
 Conjure Ball Lightning   Conj/Air       0%         3x3d6     100%        6
 Orb of Destruction       Conj           0%         9d5       100%        7
 Ozocubu's Refrigeration  Ice            0%         4d7       100%        7


Dungeon Overview and Level Annotations

Branches:
Dungeon (12/15)            Temple (1/1) D:7            Lair (0/5) D:9
    Orc (0/2) D:9           Sewer (visited)         Gauntlet (1/1)

Altars:
Ashenzari
Cheibriados
Elyvilon
Fedhas
Gozag
Hepliaklqana
Kikubaaqudgha
Makhleb
Nemelex Xobeh
Okawaru
Qazlal
Ru
Sif Muna
Trog
Uskayaw
Vehumet
Wu Jian
Xom
Yredelemnul
Zin
The Shining One

Shops:
D:6 =([**

Annotations:
D:10 exclusion: obsidian statue Gauntlet 10 transporters


Innate Abilities, Weirdness & Mutations

You have a pair of large horns on your head.
You reflexively headbutt those who attack you in melee.
Your muscles are strong. (Str +4, Int/Dex -1)
Your spells are harder to cast, but more powerful.


Message History

The minotaur is lightly wounded.
The minotaur hits you with a +1 glaive of venom!!
The minotaur misses you.
You are too injured to fight recklessly!
You are too injured to fight recklessly!
You hit the minotaur but do no damage.
The minotaur is lightly wounded.
You hit the minotaur.
The minotaur is lightly wounded.
You hit the minotaur but do no damage.
The minotaur is lightly wounded.
The minotaur misses you. The minotaur gores you!
* * * LOW HITPOINT WARNING * * *
You feel much better.
You hit the minotaur but do no damage.
The minotaur is lightly wounded.
The minotaur hits you with a +1 glaive of venom.
The minotaur misses you.
You hit the minotaur but do no damage.
The minotaur is lightly wounded.
You hit the minotaur.
The minotaur is lightly wounded.
You hit the minotaur but do no damage. You headbutt the minotaur!
The minotaur is moderately wounded.
The minotaur hits you with a +1 glaive of venom!!
* * * LOW HITPOINT WARNING * * *
You are lethally poisoned!
The minotaur misses you.
It was a potion of might.
You feel very mighty all of a sudden.
* * * LOW HITPOINT WARNING * * *
You feel very sick.
The minotaur hits you with a +1 glaive of venom!
* * * LOW HITPOINT WARNING * * *
You are more poisoned.
The minotaur closely misses you.
Okay, then.
It was a potion of enlightenment.
You feel more buoyant.
You die...

#8∩8# #[.:# #8.8# ####:.(####
###8.#8.8#.8### #....#...#....#
#.#..#8H8#..#.# #.#..##@##..#.#
#.............# #.#.##.#.##.#.#
#.#....#....#.#
##.#.#######.#.###
≈...............≈# ##
8§8.8.8.8.8.8.8.8# ## 8#
≈§..............§# #8#
##########.#########.##########


You could see a minotaur.

Vanquished Creatures
  Gastronok (D:9)
  A green death (Gauntlet)
  An ugly thing (D:11)
  Psyche (D:9)
  An orange demon (Gauntlet)
  Maggie (D:6)
  A rime drake (D:9)
  A torpor snail (Gauntlet)
  3 komodo dragons (D:11)
  A troll (D:10)
  A polar bear (D:9)
  A tyrant leech (Gauntlet)
  Grinder (D:4)
  Sigmund (D:2)
  11 yaks
  4 wraiths
  3 steam dragons
  2 wyverns
  Eustachio (D:5)
  4 vampire mosquitoes (D:11)
  3 swamp worms (Gauntlet)
  Edmund (D:4)
  3 water moccasins
  5 orc warriors
  A swamp drake (D:9)
  7 ice beasts
  A black bear (D:5)
  A sky beast (D:8)
  7 wolves
  An ogre (D:5)
  2 centaurs
  The ghost of mopl the Caller, an amateur BaSu (D:4)
  2 kobold brigands
  3 bullfrogs
  A gnoll sergeant (D:10)
  5 scorpions
  13 killer bees
  9 howler monkeys
  2 hounds
  A jelly (D:6)
  Crazy Yiuf (D:2)
  6 orc priests
  Jessica (D:2)
  A sleepcap (D:4)
  Ijyb (D:4)
  Natasha (twice) (D:4)
  4 iguanas
  10 orc wizards
  8 river rats (Sewer)
  11 adders
  6 gnolls
  3 white imps
  2 ufetubi
  2 worms
  5 dart slugs
  22 orcs
  10 bats
  8 endoplasms
  A giant cockroach (D:3)
  6 goblins
  6 hobgoblins
  16 ball pythons
  8 frilled lizards
  21 kobolds
  15 rats
286 creatures vanquished.

Vanquished Creatures (others)
  A two-headed ogre (D:9)
1 creature vanquished.

Grand Total: 287 creatures vanquished

Notes
Turn   | Place    | Note
-------+----------+-------------------------------------------
     0 | D:1      | Anon1729 the Minotaur Monk began the quest for the Orb.
     0 | D:1      | Reached XP level 1. HP: 19/19 MP: 0/0
   327 | D:1      | Reached XP level 2. HP: 27/27 MP: 1/1
   380 | D:1      | Reached skill level 1 in Armour
   752 | D:2      | Noticed Sigmund
   755 | D:2      | Noticed Jessica
   757 | D:2      | Reached skill level 1 in Invocations
   759 | D:2      | Killed Sigmund
   760 | D:2      | Reached skill level 4 in Fighting
   760 | D:2      | Reached XP level 3. HP: 34/34 MP: 1/3
   760 | D:2      | Reached XP level 4. HP: 41/41 MP: 1/4
   760 | D:2      | Reached XP level 5. HP: 47/47 MP: 1/5
   770 | D:2      | Killed Jessica
  1088 | D:2      | Found a runed translucent door.
  1089 | D:2      | Noticed Crazy Yiuf
  1617 | D:2      | Killed Crazy Yiuf
  1622 | D:2      | Identified the +6 hammer "Tyucuh" {elec, rElec rPois rN++
                  | Dex-3}
  1728 | D:3      | Found a faded altar of an unknown god.
  1747 | D:3      | Reached XP level 6. HP: 55/55 MP: 6/6
  1784 | D:3      | Found a sparkling altar of Nemelex Xobeh.
  1915 | D:3      | Found a blossoming altar of Fedhas.
  2008 | D:3      | Found a glowing silver altar of Zin.
  2097 | D:3      | Reached skill level 5 in Fighting
  2341 | D:4      | Found a white marble altar of Elyvilon.
  2346 | D:4      | Noticed Natasha
  2354 | D:4      | Killed Natasha
  2364 | D:4      | Noticed Grinder
  2380 | D:4      | Killed Grinder
  2381 | D:4      | Reached XP level 7. HP: 8/61 MP: 6/8
  2516 | D:4      | Found a glowing drain.
  2533 | Sewer    | Entered a sewer
  2568 | Sewer    | Reached skill level 5 in Short Blades
  2641 | Sewer    | Reached skill level 5 in Dodging
  2925 | D:4      | Noticed mopl's ghost (amateur BaSu)
  2926 | D:4      | Found a runed translucent door.
  3146 | D:4      | Found a glowing golden altar of the Shining One.
  3164 | D:4      | Noticed Natasha
  3174 | D:4      | Killed Natasha
  3178 | D:4      | Noticed Ijyb
  3178 | D:4      | Paralysed by Ijyb for 4 turns
  3185 | D:4      | Noticed Edmund
  3215 | D:4      | Killed Ijyb
  3221 | D:4      | Killed Edmund
  3246 | D:4      | Reached skill level 6 in Fighting
  3453 | D:4      | Found an opulent altar of Gozag.
  3862 | D:4      | Killed mopl's ghost
  3863 | D:4      | Reached XP level 8. HP: 64/68 MP: 9/9
  3900 | D:5      | Entered Level 5 of the Dungeon
  3997 | D:5      | Found a bloodstained altar of Trog.
  4142 | D:5      | Noticed Eustachio
  4155 | D:5      | Reached skill level 5 in Armour
  4175 | D:5      | Killed Eustachio
  4352 | D:5      | Found a hazy altar of Hepliaklqana.
  4355 | D:5      | Found a basalt altar of Yredelemnul.
  4446 | D:5      | Reached skill level 7 in Fighting
  4905 | D:6      | Noticed Maggie
  4925 | D:6      | Killed Maggie
  4926 | D:6      | Reached skill level 5 in Invocations
  4926 | D:6      | Reached XP level 9. HP: 50/79 MP: 11/11
  4982 | D:6      | Found Calut's Armour Emporium.
  4985 | D:6      | Found Vissiano's Weapon Emporium.
  4986 | D:6      | Found Oqurgha's Assorted Antiques.
  4987 | D:6      | Found Kaeqest's Assorted Antiques.
  4998 | D:6      | Bought a scroll labelled ZILO NABEIPSOO for 28 gold pieces
  4998 | D:6      | Bought a scroll labelled YNICUC CATHRIUR for 28 gold pieces
  4998 | D:6      | Bought a scroll labelled GOFFEY RUBLA for 28 gold pieces
  4998 | D:6      | Bought a yellow potion for 25 gold pieces
  5002 | D:6      | Bought a scroll labelled QAREKHL JOARCH for 30 gold pieces
  5002 | D:6      | Bought 2 lumpy golden potions for 54 gold pieces
  5002 | D:6      | Bought a lumpy orange potion for 27 gold pieces
  5002 | D:6      | Bought a scroll of identify for 60 gold pieces
  5335 | D:6      | Found a snail-covered altar of Cheibriados.
  5515 | D:6      | Found Xoef's Jewellery Emporium.
  5860 | D:7      | Reached skill level 8 in Fighting
  6167 | D:7      | Found a staircase to the Ecumenical Temple.
  6251 | Temple   | Entered the Ecumenical Temple
  6280 | Temple   | Became a worshipper of Uskayaw the Reveller
  6280 | Temple   | Reached * piety under Uskayaw
  6378 | D:8      | Reached ** piety under Uskayaw
  6381 | D:8      | Reached *** piety under Uskayaw
  6482 | D:8      | Found a shimmering altar of Xom.
  6735 | D:8      | Reached XP level 10. HP: 84/90 MP: 13/13
  6871 | D:8      | Reached **** piety under Uskayaw
  6954 | D:9      | Reached ***** piety under Uskayaw
  6967 | D:9      | Reached ****** piety under Uskayaw
  7013 | D:9      | Reached skill level 9 in Fighting
  7094 | D:9      | Found a staircase to the Lair.
  7094 | D:9      | Noticed a two-headed ogre
  7108 | D:9      | Noticed Psyche
  7139 | D:9      | Killed a two-headed ogre
  7140 | D:9      | Killed Psyche
  7341 | D:9      | Noticed Gastronok
  7383 | D:9      | Killed Gastronok
  7384 | D:9      | Reached XP level 11. HP: 35/99 MP: 8/15
  7507 | D:9      | Reached skill level 10 in Fighting
  7744 | D:9      | Found a staircase to the Orcish Mines.
  7964 | D:10     | Entered Level 10 of the Dungeon
  8344 | D:10     | Noticed an obsidian statue
  8843 | D:10     | Identified a scroll of acquirement
  8844 | D:10     | Acquired the amulet of Velaite {Acrobat Fly Str-4 Dex+7}
  8996 | D:11     | Noticed a green ugly thing
  9015 | D:11     | Killed a green ugly thing
  9066 | D:11     | You are sucked into a shaft and drop 1 floor!
  9148 | D:11     | Reached skill level 10 in Armour
  9203 | D:11     | Found a gate leading to a gauntlet.
  9212 | Gauntlet | Entered a Gauntlet
  9212 | Gauntlet | Found a transporter.
  9212 | Gauntlet | Found a transporter.
  9216 | Gauntlet | Found a transporter.
  9216 | Gauntlet | Found a transporter.
  9219 | Gauntlet | Noticed a brown ugly thing
  9219 | Gauntlet | Noticed a cyan ugly thing
  9221 | Gauntlet | Noticed a thrashing horror
  9221 | Gauntlet | Noticed a glowing orange brain
  9221 | Gauntlet | Noticed a glowing orange brain
  9223 | Gauntlet | Noticed a necromancer
  9228 | Gauntlet | Found a transporter.
  9232 | Gauntlet | Noticed a sixfirhy
  9236 | Gauntlet | Found a transporter.
  9236 | Gauntlet | Found a transporter.
  9237 | Gauntlet | Noticed a sixfirhy
  9240 | Gauntlet | Noticed a thrashing horror
  9260 | Gauntlet | Found a transporter.
  9267 | Gauntlet | Found a transporter.
  9277 | Gauntlet | Noticed a green death
  9279 | Gauntlet | Found a transporter.
  9297 | Gauntlet | Found a transporter.
  9319 | Gauntlet | Found a transporter.
  9356 | Gauntlet | Found a transporter.
  9370 | Gauntlet | Found a transporter.
  9470 | Gauntlet | Found a transporter.
  9477 | Gauntlet | Noticed a quicksilver ooze
  9484 | Gauntlet | Found a transporter.
  9585 | Gauntlet | Reached skill level 10 in Short Blades
  9585 | Gauntlet | Reached skill level 10 in Dodging
  9688 | Gauntlet | Reached skill level 11 in Fighting
  9797 | Gauntlet | Identified the +0 hat "Soodghiq" {Fly rC+ rN+ Stlth+}
  9858 | Gauntlet | Killed a green death
 10100 | Gauntlet | Identified the +10 sling of the Clean God {flame, SInv}
 10100 | Gauntlet | Noticed a minotaur
 10104 | Gauntlet | Gained mutation: Armour fits poorly on your strangely
                  | shaped body. [potion of mutation]
 10104 | Gauntlet | Gained mutation: You occasionally lose the ability to read
                  | scrolls when taking damage. [potion of mutation]
 10104 | Gauntlet | Gained mutation: Your muscles are strong. (Str +4, Int/Dex
                  | -1) [potion of mutation]
 10105 | Gauntlet | Lost mutation: You occasionally lose the ability to read
                  | scrolls when taking damage. [potion of mutation]
 10105 | Gauntlet | Lost mutation: Armour fits poorly on your strangely shaped
                  | body. [potion of mutation]
 10105 | Gauntlet | Gained mutation: You have a pair of large horns on your
                  | head. [potion of mutation]
 10105 | Gauntlet | Gained mutation: Your spells are a little harder to cast,
                  | but a little more powerful. [potion of mutation]
 10105 | Gauntlet | Gained mutation: Your spells are harder to cast, but more
                  | powerful. [potion of mutation]
 10118 | Gauntlet | HP: 2/102 [minotaur/+1 glaive of venom (14)]
 10119 | Gauntlet | Succumbed to a minotaur's poison

Illustrated notes

Levels and vault maps discovered:
D:1:      sevenhm_arrival_forest_fort_small_4, layout_loops_ring
D:2:      layout_basic, uniq_sigmund, uniq_jessica, uniq_crazy_yiuf_cottage
D:3:      layout_basic, zin_treasury, nemelex_xobeh_ov_fountains_minmay,
          lemuel_round_altar, ebering_ecumenical_altar_abandoned
D:4:      layout_layer_cave, nicolae_gozag_cash_rules_everything_around_me,
          mainiacjoe_overflow_paths, mainiacjoe_overflow_chevrons,
          portal_sewer_entry_d, hellmonk_ghost_happy_afterlife, uniq_ijyb,
          uniq_natasha, uniq_edmund, uniq_grinder
D:5:      layout_basic, bloody_trog, mainiacjoe_overflow_catwalk_spiral,
          uniq_eustachio
D:6:      layout_basic, cheibrodos_worm_habitat, serial_shops,
          nicolae_shop_gaudy_bauble, serial_aquarium, aquarium_bridge_straight
          [aquarium_subvault_bridge, aquarium_subvault_wall,
          aquarium_subvault_bridge, aquarium_subvault_wall],
          aquarium_bridge_square [aquarium_subvault_balcony,
          aquarium_subvault_bridge, aquarium_subvault_bridge,
          aquarium_subvault_bridge], aquarium_window_corridor_3,
          aquarium_window_fake, aquarium_window_2, aquarium_view_2d,
          aquarium_view_2a, aquarium_pool_2, minmay_shop_grid_forest,
          uniq_maggie
D:7:      layout_rooms, minmay_temple_entry_drinking_statues
D:8:      layout_basic, nicolae_overflow_crystal_walls, serial_bayou_pond_e
D:9:      layout_loops_ring, hellmonk_lair_entry_icy, erik_orc_1, uniq_psyche,
          uniq_gastronok
D:10:     layout_irregular_city, serial_glass, glass_columns_b, glass_columns_c,
          minivault_15
D:11:     layout_small_grid, gauntlet_entry_generic,
          nicolae_uskayaw_dance_studio
D:12:     layout_roguey, small_statue_intersection, onia_ninara_cookie,
          uniq_urug, uniq_maurice
Temple:   hellmonk_temple_of_storms
Gauntlet: gammafunk_gauntlet_branching [nicolae_gauntlet_arena_grate_2,
          gammafunk_gauntlet_arena_hedges, nicolae_gauntlet_arena_quarters,
          gammafunk_gauntlet_arena_teeth,
          gammafunk_gauntlet_arena_split_diamond,
          gammafunk_gauntlet_arena_spirals, nicolae_gauntlet_arena_blocks,
          gammafunk_gauntlet_arena_mazey,
          nicolae_gauntlet_exit_dead_adventurers]

Skill      XL: |  1  2  3  4  5  6  7  8  9 10 11 |
---------------+----------------------------------+-----
Armour         | 2 3 4 6 7 9 10 | 10.4
Invocations    | 2 3 5 6 7 8 |  8.8
Fighting       | 4 5 6 7 8 9 11 | 11.1
Short Blades   | 4 5 6 7 9 10 | 10.2
Dodging        | 4 5 6 7 9 10 | 10.2

Action                     |  1- 3 |  4- 6 |  7- 9 | 10-12 || total
---------------------------+-------+-------+-------+-------++-------
  Melee: Short sword       |    42 |   104 |   502 |   498 ||  1146
         Headbutt          |    12 |    27 |   159 |   170 ||   368
         Unarmed           |       |     2 |       |       ||     2
  Throw: Dart              |       |       |       |     1 ||     1
 Invoke: Stomp             |       |       |       |     8 ||     8
         Line Pass         |       |       |       |     5 ||     5
  Evoke: Wand              |       |       |     5 |    16 ||    21
    Use: Scroll            |       |       |     7 |     7 ||    14
         Potion            |       |       |       |     8 ||     8
   Stab: Paralysed         |       |       |     3 |    38 ||    41
         Confused          |       |       |       |     2 ||     2
 Armour: Robe              |     3 |    11 |       |       ||    14
         Chain mail        |       |    26 |    94 |       ||   120
         Swamp dragon scal |       |       |    82 |    87 ||   169
         Skin              |       |       |       |    15 ||    15
  Dodge: Dodged            |    26 |    48 |   303 |   251 ||   628

Table legend: (Time is in decaauts)
 A = Elapsed time spent in this place.
 B = Non-inter-level travel time spent in this place.
 C = Inter-level travel time spent in this place.
 D = Time resting spent in this place.
 E = Time spent auto-exploring this place.
 F = Levels seen in this place.
 G = Mean time per level.
                   A        B        C        D        E       F      G
               +--------+--------+--------+--------+--------+-----+--------+
         Total |   9765 |   9416 |    349 |    420 |   6963 |  15 |  651.0 |
       Dungeon |   8487 |   8160 |    327 |    237 |   6282 |  12 |  707.2 |
        Temple |     50 |     29 |     21 |      0 |     14 |   1 |   50.0 |
         Sewer |    361 |    361 |      0 |      0 |    229 |   1 |  361.0 |
      Gauntlet |    866 |    866 |      0 |    183 |    437 |   1 |  866.0 |
               +--------+--------+--------+--------+--------+-----+--------+

Top non-repeatable levels by time:
     D:4: 1207 daAuts
     D:6: 984 daAuts
     D:9: 940 daAuts
     D:2: 925 daAuts
     D:5: 920 daAuts
    D:10: 867 daAuts
Gauntlet: 866 daAuts
     D:1: 745 daAuts
     D:3: 635 daAuts
     D:8: 577 daAuts
     D:7: 383 daAuts
   Sewer: 361 daAuts
    D:11: 295 daAuts
  Temple: 50 daAuts
    D:12: 4 daAuts
